 Dungeon Crawl Stone Soup version 0.26.0-10-g1f06aea511 (webtiles) character file.

Game seed: 885916360345282719

86 CurlyBrace the Grasshopper (level 4, 20/20 HPs)
             Began as a Felid Warper on Jan 14, 2021.
             Quit the game on level 3 of the Dungeon.
             The game lasted 00:08:16 (588 turns).

CurlyBrace the Grasshopper (Felid Warper)            Turns: 588, Time: 00:08:17

Health: 20/20      AC:  1    Str:  7    XL:     4   Next: 26%
Magic:  8/8        EV: 18    Int: 16    God:
Gold:   35         SH:  0    Dex: 15    Spells: 1/7 levels left
                                        Lives:  0   Deaths: 1

rFire    . . .     SeeInvis +     - Unarmed
rCold    . . .     Faith    .   (shield unavailable)
rNeg     . . .     Spirit   +   (armour unavailable)
rPois    .         Reflect  .   (helmet unavailable)
rElec    .         Harm     .   (cloak unavailable)
rCorr    .         Rampage  .   (gloves unavailable)
Will     .....                  (boots unavailable)
Stlth    +++.......             a - amulet of guardian spirit
HPRegen  0.06/turn              (no ring)
MPRegen  0.11/turn              (no ring)

@: quick
A: very small, no armour, no weapons or thrown items, stealth, claws 1, fangs 3,
see invisible, speed 1, shaggy fur 1, sharp paws
a: no special abilities


You were on level 3 of the Dungeon.
You visited 1 branch of the dungeon, and saw 6 of its levels.

You collected 35 gold pieces.

Inventory:

Jewellery
 a - an amulet of guardian spirit (around neck)
   (You found it on level 4 of the Dungeon)
 c - a +4 ring of protection {unknown}
   (You found it on level 1 of the Dungeon)
 d - an uncursed ring of willpower {unknown}
   (You found it on level 1 of the Dungeon)
Scrolls
 b - a scroll of identify {unknown}
 e - a scroll of random uselessness {unknown}
 z - 2 scrolls of blinking


   Skills:
 + Level 2.5 Fighting
 - Level 3.2 Dodging
 - Level 4.0 Stealth
 + Level 4.1 Unarmed Combat
 - Level 2.0 Spellcasting
 - Level 5.0 Translocations


You had one spell level left.
You knew the following spells:

 Your Spells              Type           Power        Failure   Level
a - Blink                 Tloc           N/A          4%          2
b - Passage of Golubria   Tloc           N/A          26%         4

Your spell library contained the following spells:

 Spells                   Type           Power        Failure   Level
 Gell's Gravitas          Tloc           8%           8%          3
 Lesser Beckoning         Tloc           8%           8%          3
 Teleport Other           Tloc           17%          8%          3


Dungeon Overview and Level Annotations

Branches:
Dungeon (6/15)
 Temple: D:4-7

Altars:

Annotations:
D:4 Eustachio; Robin
D:5 3 runed translucent doors, Blodwynpig's ghost, novice KoCj; Cral's ghost, weakling PaDe; Valentain's ghost, novice DsDe; einarkeyser's ghost, novice GnAM


Innate Abilities, Weirdness & Mutations

You cannot wear armour.
You are incapable of wielding weapons or throwing items.
Your paws allow you to move quietly. (Stealth)
You have sharp claws.
You have razor-sharp teeth.
You have supernaturally acute eyesight. (SInv)
You cover ground quickly.
You are covered in fur. (AC +1)
Your sharp claws are effective at attacking unaware monsters.


Message History

You open the door. The orc wizard misses you.
Found a pair of gloves.
There is an open door here.
An orc comes into view.
The orc wizard casts a spell at itself.
The orc wizard flickers and vanishes for a moment.
An orc comes into view. It is wielding a +0 club.
The orc moves out of view.
The orc wizard gestures at you while chanting.
The puff of flame hits you!
You die...
You are now level 4!
You rejoin the land of the living...
Unknown command.
Unknown command.
Unknown command.
As you open the door, it creaks loudly!
There is an open door here.
Are you sure you want to abandon this character and quit the game? (Confirm with "yes".)

#.#. ..... #.. #..# #.#
#..## #.# ####...## #.##
........## #... #.
##.......## #.#.
.#...####.........###...
.......@'.........+ยง....
.....####.........####..
.## ##.......## ##.
##...<.## #.. ##...## #..
##+## #.. ##. .# ## ##.##


There were no monsters in sight!

Vanquished Creatures
  A howler monkey (D:4)
  A bullfrog zombie (D:5)
  2 hounds (D:4)
  2 adders
  A dart slug (D:1)
  4 orcs
  A giant cockroach (D:1)
  A goblin (D:1)
  A hobgoblin (D:1)
  2 kobolds (D:1)
  A rat (D:1)
17 creatures vanquished.

Notes
Turn   | Place    | Note
-------+----------+-------------------------------------------
     0 | D:1      | CurlyBrace the Felid Warper began the quest for the Orb.
     0 | D:1      | Reached XP level 1. HP: 9/9 MP: 4/4
    37 | D:1      | Reached skill level 1 in Stealth
   130 | D:1      | Reached XP level 2. HP: 13/13 MP: 6/6
   164 | D:1      | Learned a level 2 spell: Blink
   217 | D:3      | Found a faded altar of an unknown god.
   263 | D:4      | Reached XP level 3. HP: 5/16 MP: 4/7
   284 | D:4      | Noticed a scorpion
   301 | D:4      | Noticed Eustachio
   307 | D:5      | Entered Level 5 of the Dungeon
   310 | D:5      | Found a runed translucent gate.
   311 | D:5      | Found a runed translucent gate.
   311 | D:5      | Found a runed translucent gate.
   312 | D:5      | Noticed Valentain's ghost (novice DsDe)
   313 | D:5      | Noticed Cral's ghost (weakling PaDe)
   313 | D:5      | Noticed einarkeyser's ghost (novice GnAM)
   313 | D:5      | Noticed Blodwynpig's ghost (novice KoCj)
   386 | D:5      | Reached XP level 4. HP: 12/19 MP: 5/8
   443 | D:4      | Learned a level 4 spell: Passage of Golubria
   488 | D:4      | Reached XP level 5. HP: 20/22 MP: 3/9
   498 | D:4      | Noticed Robin
   512 | D:4      | Reached skill level 5 in Translocations
   584 | D:3      | Killed from afar by an orc wizard
   585 | D:3      | Reached XP level 4. HP: -4/20 MP: 0/8
   588 | D:3      | Quit the game

Illustrated notes

Levels and vault maps discovered:
D:1:      kennysheep_arrival_forest, layout_basic, serial_co_window_serial,
          co_window_paths_a, co_window_corner_a, co_window_paths_b,
          co_window_paths_a, co_window_paths_a, co_window_corner_a,
          co_window_paths_a, co_window_corner_a, co_window_corner_a,
          co_window_unsneaky_path_a, co_window_unsneaky_path_d,
          co_window_broadway_b, co_window_of_opportunity_b, glass_columns_a,
          glass_columns_a, glass_columns_b, glass_columns_b, glass_columns_a
D:2:      layout_basic, minmay_ruptured
D:3:      layout_loops_corners, chequers_ecumenical_altar_simple
D:4:      layout_loops_ring, amethyst_killhole, serial_park_tiny_2,
          grunt_tough_drop, uniq_eustachio, uniq_robin
D:5:      layout_gridville, okawaru_gym_becter, minmay_temple_entry_wispy,
          gammafunk_ghost_cemetery, uniq_menkaure
D:6:      minmay_clustersquares, layout_basic, fedhas_altar_decomposition

Skill      XL: |  1  2  3  4  5 |
---------------+----------------+-----
Stealth        | 1 3 4 |  4.0
Unarmed Combat | 3 4 |  4.1
Translocations | 5 |  5.0
Fighting       | |  2.5
Dodging        | |  3.2
Spellcasting   | |  2.0

Action                   |  1- 3 |  4- 6 || total
-------------------------+-------+-------++-------
Melee: Unarmed           |    54 |    21 ||    75
       Bite              |     5 |       ||     5
 Cast: Blink             |     4 |     8 ||    12
  Use: Potion            |     4 |       ||     4
       Scroll            |     1 |     1 ||     2
 Stab: Sleeping          |     2 |     2 ||     4
Armor: Skin              |     4 |       ||     4
Dodge: Dodged            |    40 |    28 ||    68
